 Dungeon Crawl Stone Soup version 0.30.1-11-g7821555f0a (webtiles) character file.

Game seed: 6941902736808506884

6401 Nonny the Cutter (level 10, -3/76 HPs)
             Began as a Mummy Brigand on Dec 8, 2023.
             Was a Believer of Dithmenos.
             Killed from afar by an electric eel (9 damage)
             ... with a bolt of electricity
             ... on level 8 of the Dungeon.
             The game lasted 00:41:12 (10923 turns).

Nonny the Cutter (Mummy Brigand)                   Turns: 10923, Time: 00:41:13

Health: -3/76      AC: 10    Str: 14    XL:     10   Next: 66%
Magic:  14/14      EV: 14    Int: 16    God:    Dithmenos [**....]
Gold:   707        SH:  8    Dex: 19    Spells: 10/15 levels left

rFire   x . .        G - +8 demon blade of Accidental Termination {pain, Will+}
rCold   + . .        C - +3 buckler
rNeg    + + +        n - +0 troll leather armour
rPois   ∞            b - +1 helmet
rElec   .            p - +1 cloak
rCorr   .            x - +1 pair of gloves
SInv    .            (no boots)
Will    ++...        E - amulet of the acrobat
Stlth   ++++         o - +6 ring of intelligence
HPRegen 1.12/turn    A - ring of wizardry
MPRegen 0.14/turn

%: acrobat, faith, wizardry (x1)
@: wreathed by umbra, studying Throwing
A: cold resistance 1, negative energy resistance 3, torment resistance 2, heat
vulnerability 1, in touch with death 1, no potions, faith
a: Renounce Religion, Shadow Step


You were on level 8 of the Dungeon.
You worshipped Dithmenos.
Dithmenos was pleased with you.
You visited 2 branches of the dungeon, and saw 10 of its levels.
You also visited: Ossuary and Bailey.

You collected 917 gold pieces.
You spent 210 gold pieces at shops.

Inventory:

Hand Weapons
 a - a +0 double sword of flaming
 c - a +1 dagger of draining
 G - the +8 demon blade of Accidental Termination (weapon) {pain, Will+}
   (You found it in a bailey)

   Will:      It increases your willpower.
 I - the +3 long sword "Aneonk" {antimagic, Dex+6}
   (You took it off an orc warrior in a bailey)

   Dex:       It affects your dexterity (+6).
Missiles
 d - 30 poisoned darts (quivered)
 e - 9 curare-tipped darts
 f - 22 boomerangs
 j - 63 stones
 F - 8 atropa-tipped darts
 H - 4 datura-tipped darts
 K - 4 javelins
Armour
 b - a +1 helmet (worn)
 n - a +0 troll leather armour (worn)
 p - a +1 cloak (worn)
 x - a +1 pair of gloves (worn)
 C - a +3 buckler (worn)
Magical Staves
 g - a staff of conjuration
 B - a staff of fire
Jewellery
 o - a +6 ring of intelligence (left hand)
 q - a +4 ring of protection
 y - a ring of magical power
 A - a ring of wizardry (right hand)
 D - a ring of ice
 E - an amulet of the acrobat (around neck)
Wands
 l - a wand of paralysis (18)
 m - a wand of digging (6)
 z - a wand of polymorph (2)
 M - a wand of iceblast (8)
Scrolls
 h - 3 scrolls of amnesia
 i - 2 scrolls of magic mapping
 k - a scroll of silence
 r - 2 scrolls of identify
 s - 3 scrolls of blinking
 t - 4 scrolls of immolation
 u - 4 scrolls of teleportation
 v - a scroll of fog
 w - 4 scrolls of noise
 L - a scroll of poison
Miscellaneous
 J - a phial of floods


   Skills:
 + Level 5.7 Fighting
 - Level 6.7(7.9) Short Blades
 * Level 6.4(7.8) Long Blades
 * Level 2.3 Throwing
 - Level 5.5 Dodging
 - Level 5.0 Stealth
 - Level 3.0 Shields
 - Level 3.0 Spellcasting
 - Level 3.2 Necromancy
 - Level 3.0 Earth Magic


You had 10 spell levels left.
You knew the following spells:

 Your Spells              Type           Power      Damage    Failure   Level
a - Borgnjor's Vile Clut  Necr/Erth      9%         N/A       65%         5

Your spell library contained the following spells:

 Spells                   Type           Power      Damage    Failure   Level
 Lesser Beckoning         Tloc           4%         N/A       19%         2
 Gell's Gravitas          Tloc           2%         N/A       34%         3
 Teleport Other           Tloc           2%         N/A       34%         3
 Leda's Liquefaction      Hex/Erth       3%         N/A       52%         4
 Lee's Rapid Deconstruct  Erth           6%         3d6*      65%         5
 Alistair's Intoxication  Tmut/Pois      1%         N/A       96%         5
 Dispersal                Tloc           1%         N/A       100%        6
 Eringya's Noxious Bog    Tmut/Pois      1%         N/A       100%        6
 Statue Form              Tmut/Erth      Unusable   N/A       N/A         6

Dungeon Overview and Level Annotations

Branches:
Dungeon (9/15)             Temple (1/1) D:6            Lair (0/5) D:8
Ossuary (visited)          Bailey (visited)
    Orc: D:9-12

Altars:
Ashenzari
Cheibriados
Dithmenos
Fedhas
Gozag
Hepliaklqana
Kikubaaqudgha
Makhleb
Nemelex Xobeh
Okawaru
Qazlal
Ru
Trog
Uskayaw
Vehumet
Wu Jian
Xom
Yredelemnul

Shops:
D:2 :   D:8 *

Annotations:
D:8 exclusion: two-headed ogre, Maurice
D:9 Erolcha


Innate Abilities, Weirdness & Mutations

You are immune to poison.
Your flesh is cold resistant. (rC+)
You are immune to negative energy. (rN+++)
You are immune to unholy pain and torment.
You are vulnerable to heat. (rF-)
You are in touch with the powers of death.
You do not drink.
You have a special connection with the divine. (Faith)


Message History

You kill the electric eel!
Dithmenos accepts your kill.
You start resting.
An electric eel is nearby!
Found a staircase to the Lair.
Throw: 31 darts (poison)
Press: ? - help, Q - select action, (/) - cycle Shift-Dir - straight line, f - electric eel
Aim: an electric eel (wandering, hasn't noticed you, 48% to hit)
You throw a poisoned dart.
The poisoned dart closely misses the electric eel.
You hear a splash.
The electric eel shoots out a bolt of lightning at you!
The bolt of electricity hits you!
The electric eel shoots out a bolt of lightning at you!
The bolt of electricity misses you.
The electric eel shoots out a bolt of lightning at you!
The bolt of electricity misses you.
The electric eel shoots out a bolt of lightning at you!
The bolt of electricity hits you!
You barely miss the electric eel.
The electric eel shoots out a bolt of lightning at you!
The bolt of electricity hits you! x2
The bolt of electricity hits the electric eel.
The electric eel completely resists.
You slash the electric eel!
The electric eel writhes in agony.
The electric eel is almost dead.
The electric eel shoots out a bolt of lightning at you!
The bolt of electricity hits you!
* * * LOW HITPOINT WARNING * * *
The bolt of electricity hits you!
* * * LOW HITPOINT WARNING * * *
The bolt of electricity hits the electric eel.
The electric eel completely resists.
You closely miss the electric eel.
The electric eel is almost dead.
The electric eel shoots out a bolt of lightning at you!
The bolt of electricity hits you.
* * * LOW HITPOINT WARNING * * *
The bolt of electricity hits you!
You die...

#....###~.≈≈≈≈
#....#..~≈≈≈~~≈~~
#.......~≈≈~~.~.(
#.......~≈≈≈~~... #
####.......~≈≈≈~..>. #
#..........≈≈≈~≈≈...
#.)........~~≈≈~~..~.
#[).........(~~≈.~.~.≈
####...##.#.@S≈~.~.(≈≈
########.))##.#..~≈~(~(~≈≈
.).)...'....).#.~..~≈~.~≈≈
#.######...#.)....(≈≈~.~≈~
##### #...#.....~≈≈≈~.~.≈
#♣.∩# #...#......~~~≈.~.~
#...####...####..~..~~...~
#..♣##....................
#[## #....................


You could see an electric eel.

Vanquished Creatures
  An orc knight (Bailey)
  Pikel (D:5)
  A troll (D:8)
  Sigmund (D:6)
  Grum (D:8)
  Menkaure (D:5)
  Edmund (D:6)
  A water moccasin (D:6)
  5 orc warriors
  A black bear (D:7)
  2 sky beasts
  2 ice beasts
  6 wolves (D:8)
  3 ogres
  A lemure (D:4)
  7 kobold brigands
  A phantom (D:7)
  Blork the orc (D:4)
  A bullfrog (D:6)
  3 scorpions
  3 wights (D:8)
  10 killer bees
  4 electric eels (D:8)
  A howler monkey (D:6)
  7 orc priests
  A gnoll bouda (D:4)
  9 hounds
  Jessica (D:2)
  A sleepcap (D:5)
  5 iguanas
  8 orc wizards
  14 mummies (Ossuary)
  5 gnolls
  5 adders
  A white imp (D:5)
  2 ufetubi (D:6)
  2 worms
  A dart slug (D:1)
  37 orcs
  6 endoplasms
  A giant cockroach (D:2)
  12 goblins
  5 hobgoblins
  10 jackals
  22 kobolds
  4 quokkas
  6 ball pythons
  6 bats
  4 frilled lizards
  A gnoll skeleton (Ossuary)
  2 goblin skeletons (Ossuary)
  4 kobold skeletons (Ossuary)
  An orc skeleton (Ossuary)
  11 rats
  11 rat skeletons (Ossuary)
264 creatures vanquished.

Vanquished Creatures (others)
  A gnoll (D:9)
  2 orcs (D:8)
3 creatures vanquished.

Grand Total: 267 creatures vanquished

Notes
Turn   | Place    | Note
-------+----------+-------------------------------------------
     0 | D:1      | Nonny the Mummy Brigand began the quest for the Orb.
     0 | D:1      | Reached XP level 1. HP: 16/16 MP: 1/1
    76 | D:1      | staff of conjuration southeast of start
   142 | D:2      | Found Loyt's Vocational Training.
   322 | D:2      | Reached XP level 2. HP: 22/22 MP: 2/2
   485 | D:2      | Noticed Jessica
   500 | D:2      | Killed Jessica
   501 | D:2      | Reached skill level 1 in Dodging
   501 | D:2      | Gained mutation: You are in touch with the powers of death.
                  | [Mummy growth]
   501 | D:2      | Reached XP level 3. HP: 27/27 MP: 3/3
  1067 | D:1      | Reached XP level 4. HP: 33/33 MP: 4/4
  1312 | D:2      | D:1 downhatch leads to northeastern D:2.
  1710 | D:3      | Reached XP level 5. HP: 35/35 MP: 5/5
  2516 | D:4      | Noticed Blork the orc
  2534 | D:4      | Killed Blork the orc
  2654 | D:4      | Found a sand-covered staircase.
  2701 | D:4      | Ossuary in west.
  2707 | Ossuary  | Entered an ossuary
  2978 | Ossuary  | Reached XP level 6. HP: 26/46 MP: 6/6
  3270 | Ossuary  | Learned a level 5 spell: Borgnjor's Vile Clutch
  3385 | Ossuary  | Reached skill level 5 in Stealth
  4346 | D:5      | Entered Level 5 of the Dungeon
  4346 | D:5      | Noticed Pikel
  4567 | D:5      | Reached skill level 1 in Spellcasting
  4567 | D:5      | Reached XP level 7. HP: 32/52 MP: 8/8
  4666 | D:5      | manual of throwing
  4685 | D:5      | FIRST OGRE KILL
  5286 | D:5      | Reached skill level 5 in Short Blades
  5395 | D:5      | Noticed Menkaure
  5410 | D:5      | Reached XP level 8. HP: 60/60 MP: 12/12
  5488 | D:5      | Killed Pikel
  5489 | D:5      | Reached skill level 1 in Necromancy
  5588 | D:5      | Killed Menkaure
  6069 | D:6      | staff of fire
  6109 | D:6      | Reached XP level 9. HP: 66/66 MP: 13/13
  6383 | D:6      | Found a staircase to the Ecumenical Temple.
  6416 | Temple   | Entered the Ecumenical Temple
  6483 | Temple   | Became a worshipper of Dithmenos the Shadowed
  6937 | D:6      | Noticed Sigmund
  6938 | D:6      | Plain scythe nearby Sigmund. Hmmmm.
  6947 | D:6      | Killed Sigmund
  6986 | D:6      | Noticed Edmund
  7024 | D:6      | Killed Edmund
  7025 | D:6      | Reached skill level 5 in Dodging
  7025 | D:6      | Reached skill level 1 in Shields
  7025 | D:6      | Reached skill level 1 in Earth Magic
  7449 | D:7      | staff of earth in northern hallway
  7507 | D:7      | Found a flagged portal.
  7531 | Bailey   | Entered a bailey
  7568 | Bailey   | Reached skill level 5 in Fighting
  7702 | Bailey   | Identified the +8 demon blade of Accidental Termination
                  | {pain, Will+}
  7730 | Bailey   | Reached skill level 1 in Long Blades
  7745 | Bailey   | Identified the +3 long sword "Aneonk" {antimagic, Dex+6}
  7764 | Bailey   | Reached * piety under Dithmenos
  7825 | Bailey   | Noticed an orc knight
  7843 | Bailey   | Killed an orc knight
  7844 | Bailey   | Reached XP level 10. HP: 37/74 MP: 7/14
  8027 | Bailey   | Found an iron altar of Okawaru.
  8036 | Bailey   | phial of floods :)
  8048 | Bailey   | +5 giant spiked club
  8138 | D:7      | Found a hazy altar of Hepliaklqana.
  9049 | D:8      | Noticed a two-headed ogre
  9050 | D:8      | Noticed Maurice
  9158 | D:9      | Noticed Erolcha
  9678 | D:8      | Noticed Grum
  9721 | D:8      | Reached ** piety under Dithmenos
  9784 | D:8      | Identified the +3 ring mail of Beauty {rN+}
  9791 | D:8      | Killed Grum
  9792 | D:8      | Reached skill level 5 in Long Blades
 10026 | D:8      | Found a bloodstained altar of Trog.
 10327 | D:8      | Identified the +4 great sword "Mummy's Foe" {flame, *Rage
                  | rElec rPois rC+}
 10702 | D:8      | Found Gereept's Assorted Antiques.
 10708 | D:8      | Bought a scroll of magic mapping for 210 gold pieces
 10912 | D:8      | Found a staircase to the Lair.
 10923 | D:8      | Killed from afar by an electric eel

Illustrated notes #.............[..## ....####†...........# .. #........>...# ####............# ........)........# .................# .........!.......## ................## .........###..@.# ......#..# #....# .#...#..# #...?# ... ... ###### .. Turn 76 on D:1: staff of conjuration southeast of start

.........)............>#
##.#.#.#.#.#.#..####.#.#
##.............## ##.#.#
#.#.#.#.#.#.#.#.# #..#.# #####
...[)..........####.##.# #...#
##.#.#.#.#[#.#....#.##.####.#.#
##...........#...#.##........#
#.#.#.#.#.#.#.)...#########†#
##!...........@.####......#.#
#.#.#.#.#......# #.####.#.#
##.......##.#### #.#<.†.#.#
####÷.####)# #.#..†)#.# #÷##
#.# #.#.##.#.# #.#####.#
#.#....#.# ######...÷...#
#.######.# ###<....)#######
#........# !####..#.#
##########


Turn 1312 on D:2: D:1 downhatch leads to northeastern D:2. ..... #..............
... .....##.###........## #.. . ...... #.........# #.. ......##.........# .#..
..................#...... ..........###.....#.#.... ............#.....#.#....
.....##.#............... ..#....@.#.........##### . #....∩................
#..#............#...## #..#..##.............. ... ...........###.##.. .##
...###......# #.#... ... #......# ...... .... ####.###....... ... ........ Turn
2701 on D:4: Ossuary in west. ### #.## ####### #..## #####.....# #...##
##.......#.# #....# #).#####...# ##..... #.##...##..###......
###.#@###.#....!...... #...##...##.##.†###... ##....####.#.#..## ###.
#.........##...## ## #...####.###.#..# #.## #.. ##.# ... #.## #. ## #.. # #.# #
Turn 4666 on D:5: manual of throwing ##.......#.# #....## #).#####...#
##.....### #.##...##..###.......^# ###.#.###.#....!.........
#...##...##.##.†###...... ##....####.#.#..## ###.... #.........##...## ###..
#...####.###.#..# ### #.## #...@##.# ## ... #.###.#. ##. ## #.. ## #.. #.# ##..
#.. ##..# ..# ##<.## #..## ##..# ##..## Turn 4685 on D:5: FIRST OGRE KILL #.#
#.# #.#.# #.#.# # ##.#.# .. .>#.# #. #.#.# ##.$ #@#.# .....#...## ###
...........####<# +####...†..#....# ##.#...'....# #+###.#....# #.#....#
#.#....... #.##.##### Turn 6069 on D:6: staff of fire #..............
#..############# #..# ... #..#. .. #..#..######.### #..#.........#)##
#..##...........#.@ #..#).............. #..#######.@####### #..................
#....######........ ###### ######### Turn 6938 on D:6: Plain scythe nearby
Sigmund. Hmmmm. ###################### #....@.......#........
#.##########.#.####### *,* #.#.# *,, *,* #.#.# *,* *,* #.#!# *,* ******,** #.#.#
*,* *******,,,,,,,#######*#.#.# *,* ,,,,,,,,,,,,,,.......##.#.# *,*
*******,,,,,,,,#####....#.#####[* Turn 7449 on D:7: staff of earth in northern
hallway ##.....## ###'### ####...#### ###.........# ##.............
#............... #............... ##.............# ###.)@....).### ####._.####
#### Turn 8036 on Bailey: phial of floods :) ##.....## ###'### ####...####
###.........### ##.............## #...............# #...............#
##.............## ###.).....@.### ####._.#### ##### Turn 8048 on Bailey: +5
giant spiked club

Levels and vault maps discovered:
D:1:      nzn_arrival_depleted_hourglass, layout_rooms
D:2:      layout_basic, hex_medium, nicolae_shop_vocational, uniq_jessica
D:3:      layout_basic, serial_park_tiny_pond
D:4:      layout_basic, nicolae_ossuary_entry_ruins, uniq_blork_the_orc
D:5:      layout_cave_pods, minmay_manual_maat, uniq_menkaure, uniq_pikel
D:6:      nicolae_cairo_tiling_very_big, layout_basic,
          hangedman_decor_diamond_cutter, sigmund_edmund_badplayer
D:7:      layout_basic, lemuel_tele_altar, enter_bailey_5
D:8:      layout_basic, kennysheep_mini, zin_treasury, erik_lair_island,
          serial_shops, nicolae_shop_pleasant_corner_grove,
          amcnicky_mini_corridor_feature, uniq_grum, uniq_maurice
D:9:      layout_gridville, minmay_orc_entry_temple_small, uniq_joseph,
          uniq_erolcha
Temple:   mainiacjoe_temple_bowtie_tessellation

Skill      XL: |  1  2  3  4  5  6  7  8  9 10 |
---------------+-------------------------------+-----
Short Blades   | 2 3 4 5 6 |  6.7
Dodging        | 1 2 3 4 5 |  5.5
Stealth        | 4 5 |  5.0
Throwing       | 2 |  2.3
Fighting       | 3 4 5 |  5.7
Spellcasting   | 1 2 3 |  3.0
Necromancy     | 2 3 |  3.2
Shields        | 2 3 |  3.0
Earth Magic    | 2 3 |  3.0
Long Blades    | 3 6 |  6.4

Action                     |  1- 3 |  4- 6 |  7- 9 | 10-12 || total
---------------------------+-------+-------+-------+-------++-------
  Melee: Dagger            |    93 |   160 |   368 |       ||   621
         Short sword       |    36 |   281 |    16 |       ||   333
         Punch             |       |     8 |     6 |       ||    14
         Double sword      |       |       |    41 |     5 ||    46
         Demon blade       |       |       |    25 |   192 ||   217
  Throw: Dart              |     6 |     6 |    24 |    44 ||    80
         Stone             |       |       |     2 |     2 ||     4
         Boomerang         |       |       |       |     4 ||     4
Ability: Evoke Invisibilit |       |     1 |       |       ||     1
  Evoke: Wand              |       |     1 |     2 |       ||     3
    Use: Scroll            |       |    14 |     7 |     3 ||    24
   Stab: Sleeping          |     8 |    19 |    13 |     3 ||    43
         Paralysed         |       |     1 |     1 |       ||     2
         Distracted        |       |       |       |     1 ||     1
 Armour: Robe              |    37 |    93 |   120 |    30 ||   280
         Ring mail         |       |       |       |    15 ||    15
  Dodge: Dodged            |    52 |   151 |   252 |   147 ||   602
  Block: Buckler           |       |       |    44 |    94 ||   138
